 Dungeon Crawl Stone Soup version 0.29-a0-284-gf9362112df (webtiles) character file.

Game seed: 3719713489528286730

30 marklar909 the Skirmisher (level 3, -2/46 HPs)
             Began as a Palentonga Fighter on Mar 22, 2022.
             Slain by a phantom (3 damage)
             ... on level 2 of the Dungeon.
             The game lasted 00:03:27 (1866 turns).

marklar909 the Skirmisher (Palentonga Fighter)      Turns: 1866, Time: 00:03:28

Health: -2/46      AC: 21    Str: 19    XL:     3   Next: 3%
Magic:  3/3        EV:  1    Int:  8    God:
Gold:   89         SH:  4    Dex: 11    Spells: 2/2 levels left

rFire   . . .      SeeInvis +   a - +0 long sword
rCold   . . .      Faith    .   c - +0 buckler
rNeg    . . .      Spirit   .   (body armour currently unavailable)
rPois   +          Reflect  .   (helmet currently unavailable)
rElec   .          Harm     .   (cloak currently unavailable)
rCorr   .          Rampage  .   (gloves currently unavailable)
Will    .....      NoTele   +   (no barding)
Stlth   +.........              (no amulet)
HPRegen 0.15/turn               (no ring)
MPRegen 0.08/turn               (no ring)

@: tree-form
A: stationary, stasis, torment immunity, boosted hp, large, rugged brown scales
3, see invisible, (deformed body), (roll 1), (armoured tail)
a: no special abilities


You were on level 2 of the Dungeon.
You were a tree.
You visited 1 branch of the dungeon, and saw 2 of its levels.

You collected 89 gold pieces.

Inventory:

Hand Weapons
 a - a +0 long sword (weapon)
Missiles
 h - 5 poisoned darts (quivered)
 k - a throwing net
Armour
 c - a +0 buckler (worn)
 f - a +0 chain mail (melded)
Scrolls
 i - a scroll of fog {unknown}
 j - a scroll of noise {unknown}
Potions
 b - a potion of invisibility
 d - a potion of might
 e - a potion of mutation {unknown}
 g - a potion of lignification


   Skills:
 + Level 3.2 Fighting
 + Level 2.3 Long Blades
 + Level 2.8 Armour
 + Level 0.1 Stealth
 + Level 2.7 Shields


You had 2 spell levels left.
You didn't know any spells.
Your spell library was empty.

Dungeon Overview and Level Annotations

Branches:
Dungeon (2/15)

Altars:


Innate Abilities, Weirdness & Mutations

You are a tree.
Your roots penetrate the ground, keeping you stationary.
You cannot be teleported.
You are immune to unholy pain and torment.
Your maximum health is greatly increased.
Your equipment is partially melded.
(You are completely covered in rugged brown scales. (AC +3, +7% HP))
You have supernaturally acute eyesight. (SInv)
((Armour fits poorly on your strangely shaped body.))
((You can roll at nearby foes to attack.))
((You have a long armoured tail.))


Message History

The phantom hits you but does no damage.
You closely miss the kobold.
The phantom hits you but does no damage.
The kobold hits you but does no damage.
You barely miss the kobold.
The phantom hits you but does no damage.
You block the kobold's attack.
The phantom hits you but does no damage.
The kobold hits you but does no damage.
You closely miss the kobold. The phantom hits you.
* * * LOW HITPOINT WARNING * * *
You block the kobold's attack.
You hit the kobold but do no damage. The phantom hits you.
* * * LOW HITPOINT WARNING * * *
The kobold hits you but does no damage.
You barely miss the phantom.
The phantom is moderately damaged.
The kobold hits you but does no damage.
The phantom hits you but does no damage.
The kobold hits you with a +0 short sword.
* * * LOW HITPOINT WARNING * * *
The phantom hits you but does no damage.
You closely miss the phantom.
The phantom is moderately damaged.
The kobold hits you but does no damage.
The phantom hits you but does no damage.
You hit the phantom.
The phantom is heavily damaged.
The kobold hits you but does no damage. The phantom hits you.
* * * LOW HITPOINT WARNING * * *
You barely miss the phantom.
The phantom is heavily damaged.
The phantom hits you but does no damage.
The kobold barely misses you.
The phantom hits you but does no damage.
The kobold hits you but does no damage.
You hit the phantom but do no damage.
The phantom is heavily damaged.
The phantom hits you.
You die...

### ... ####.#############
..##.##..........#
#.##.#<.....###.##
######.##.##.###.# #.#
#......##......#.# #.#
#......W♣....#.#.# #.#
#......K######.#.# #.#
#....)..# ##.#.###.#
+.......# #........#
#.......#####..#.#####
#.####...............#
###.###.####..####...#.###.#
...........#..# #...#.###.#
###.###.##.#..# #.......#.#


You could see a phantom and a kobold.

Vanquished Creatures
  A ball python (D:1)
  5 endoplasms (D:1)
  2 giant cockroaches (D:2)
  4 goblins
  A hobgoblin (D:1)
  2 jackals (D:2)
  A quokka (D:1)
  A bat (D:1)
  3 frilled lizards (D:1)
  2 kobolds (D:1)
  5 rats (D:1)
27 creatures vanquished.

Notes
Turn   | Place    | Note
-------+----------+-------------------------------------------
     0 | D:1      | marklar909 the Palentonga Fighter began the quest for the
                  | Orb.
     0 | D:1      | Reached XP level 1. HP: 19/19 MP: 1/1
   289 | D:1      | Reached XP level 2. HP: 19/25 MP: 2/2
  1074 | D:1      | Found a faded altar of an unknown god.
  1191 | D:1      | HP: 1/25 [worm (5)]
  1361 | D:1      | HP: 1/25 [worm (3)]
  1750 | D:2      | Noticed a phantom
  1764 | D:2      | Reached XP level 3. HP: 31/31 MP: 3/3
  1864 | D:2      | HP: 1/46 [phantom (3)]
  1866 | D:2      | Slain by a phantom

Illustrated notes

Levels and vault maps discovered:
D:1:      dpeg_arrival_lava_altar, layout_basic,
          shapermc_ecumenical_altar_mp_urbaneastern,
          chequers_serial_rivers_small_a
D:2:      layout_basic, kennysheep_crisscross

Action                   || total
-------------------------++-------
Melee: Long sword        ||   122
       Tailslap          ||    13
Throw: Dart              ||    13
  Use: Scroll            ||     2
       Potion            ||     1
Armor: Chain mail        ||    76
       Scale mail        ||     6
       Skin              ||    31
Dodge: Dodged            ||    40
Block: Buckler           ||    28

Table legend: (Time is in decaauts)
 A = Elapsed time spent in this place.
 B = Non-inter-level travel time spent in this place.
 C = Inter-level travel time spent in this place.
 D = Time resting spent in this place.
 E = Time spent auto-exploring this place.
 F = Levels seen in this place.
 G = Mean time per level.
                   A        B        C        D        E       F      G
               +--------+--------+--------+--------+--------+-----+--------+
         Total |   1906 |   1698 |    208 |    239 |   1002 |   2 |  953.0 |
       Dungeon |   1906 |   1698 |    208 |    239 |   1002 |   2 |  953.0 |
               +--------+--------+--------+--------+--------+-----+--------+

Top non-repeatable levels by time:
     D:1: 1463 daAuts
     D:2: 443 daAuts
